AoeStats
← home-print1

Arabia

508086671Analyzed
2v2 RM · 12d ago on Sep 20, 2026· 38m 31s· 4 players
Game mode
Random Map
Map size
Medium (4 player)
Population
200
Speed
Normal
Resources
Standard
Victory
Conquest
Starting age
Dark Age
Ending age
Imperial Age
RankedLock teamsTeams togetherTeam positionsShared explorationLock speedFull tech treeHidden civsTurbo modeCheats
Victory
Defeat
🇫🇷 Georgians · France
1193
+15
🇱🇧 Maya · Lebanon
1177
+17
🇲🇽 Malians · Mexico
1176
-16
🇲🇽 Burgundians · Mexico
1175
-16
cobian.1234
7:52 Loom
10:00 Feudal Age
10:14 Double-Bit Axe
11:17 Bow Saw
17:27 Forging
20:03 Scale Barding Armor
23:01 Castle Age
21:45 Gold Mining
21:38 Horse Collar
23:09 Gold Shaft Mining
22:49 Fletching
23:06 Cavalier
24:11 Chain Barding Armor
26:53 Wheelbarrow
27:54 Iron Casting
30:09 Bodkin Arrow
36:24 Husbandry
36:25 Town Watch
home-print1
7:38 Loom
10:18 Feudal Age
11:13 Man-at-Arms
15:05 Scale Mail Armor
16:22 Arson
30:03 Castle Age
30:18 Wheelbarrow
30:52 Squires
30:13 Long Swordsman
31:10 Chain Mail Armor
31:17 Double-Bit Axe
33:20 Forging
34:48 Iron Casting
Kavorr
6:32 Loom
9:15 Feudal Age
11:25 Double-Bit Axe
15:12 Horse Collar
20:49 Castle Age
19:31 Gold Mining
20:05 Scale Barding Armor
21:51 Chain Barding Armor
21:43 Forging
21:37 Husbandry
22:18 Bow Saw
24:27 Wheelbarrow
24:48 Bloodlines
27:05 Iron Casting
34:22 Hand Cart
37:03 Imperial Age
35:54 Fletching
36:22 Devotion
36:30 Stone Mining
37:23 Cavalier
38:39 Plate Barding Armor
39:05 Blast Furnace
39:01 Faith
Captain Coach
0:26 Loom
9:43 Feudal Age
11:45 Double-Bit Axe
15:43 Fletching
17:12 Padded Archer Armor
24:32 Castle Age
22:38 Horse Collar
24:44 Crossbowman
25:49 Bow Saw
25:44 Bodkin Arrow
26:20 Gold Mining
27:42 Ballistics
28:21 Leather Archer Armor
30:12 Wheelbarrow
30:19 Thumb Ring
32:47 Heavy Plow
32:39 Stone Mining
34:06 Hand Cart
37:34 Imperial Age
37:58 Arbalester
38:39 Bracer
Connection lost

Rejoining the realm…

Still unreachable

The connection could not be restored.

Session expired

The server has moved on; the page needs a fresh start.